 Dungeon Sprint DCSS version 0.20-a0-647-gf178af5 (webtiles) character file.

2307 esc the Thaumaturge (level 9, -4/57 HPs)
             Began as a Deep Elf Fire Elementalist on Feb 15, 2017.
             Was a Believer of Vehumet.
             Shot with an arrow by a centaur warrior (20 damage)
             ... in the Dungeon (Sprint I: "Red Sonja").
             The game lasted 00:09:56 (1236 turns).

esc the Thaumaturge (Deep Elf Fire Elementalist)    Turns: 1236, Time: 00:09:56

Health: -4/57      AC:  2    Str:  5    XL:     9   Next: 18%
Magic:  10/27      EV: 18    Int: 24    God:    Vehumet [**....]
Gold:   345        SH:  6    Dex: 15    Spells: 18/33 levels left

rFire    . . .     SeeInvis .   i - +0 dagger (venom)
rCold    . . .     Gourm    .   a - +0 robe
rNeg     . . .     Faith    .   q - +3 warlock's mirror {reflect}
rPois    +         Spirit   .   (no helmet)
rElec    .         Reflect  +   (no cloak)
rCorr    .         Harm     .   (no gloves)
MR       .....     NoTele   +   (no boots)
Stlth    ++........             (no amulet)
Regen    0.2/turn               (no ring)
MPRegen  0.2/turn               k - ring of poison resistance {rPois, !d}

@: no status effects
A: no striking features
a: Renounce Religion


You were in the Dungeon.
You worshipped Vehumet.
Vehumet was pleased with you.
You were not hungry.

You visited 1 branch You collected 825 gold pieces.
You spent 480 gold pieces at shops.

Inventory:

Hand Weapons
 i - a +0 dagger of venom (weapon)
   (You took it off a kobold demonologist in the Dungeon)
 m - a +0 blowgun
   (You took it off Sonja in the Dungeon)
Missiles
 c - 3 curare-tipped needles
 l - 5 needles of paralysis
Armour
 a - a +0 robe (worn)
 q - the +3 warlock's mirror (worn) {reflect}
   (You bought it in a shop in the Dungeon)
Jewellery
 k - a ring of poison resistance (left hand) {rPois, !d}
   (You found it in the Dungeon)
Wands
 h - a wand of lightning (8/15)
   (You took it off Sonja in the Dungeon)
Scrolls
 j - a scroll of fog {unknown}
 n - a scroll of recharging {unknown}
 p - 2 scrolls of remove curse
 r - a scroll of immolation {unknown}
 s - 2 scrolls of identify {unknown}
Potions
 d - 3 potions of curing
 e - 2 potions of heal wounds
 f - a potion of haste
 g - a potion of magic
 o - a potion of mutation {unknown}
Books
 b - a book of Flames
Comestibles
 t - a royal jelly


   Skills:
 - Level 7.1 Fighting
 - Level 10.4 Dodging
 - Level 2.4 Stealth
 + Level 0.0 Shields
 - Level 12.9 Spellcasting
 - Level 10.9 Conjurations
 - Level 11.3 Fire Magic


You had 18 spell levels left.
You knew the following spells:

 Your Spells              Type           Power        Failure   Level  Hunger
a - Throw Flame           Conj/Fire      ######       1%          2    None
c - Conjure Flame         Conj/Fire      ######..     1%          3    None
f - Fireball              Conj/Fire      ######....   1%          5    ###....
s - Sticky Flame          Conj/Fire      ######..     1%          4    None
x - Flame Tongue          Conj/Fire      #####        1%          1    None


Dungeon Overview and Level Annotations

Branches:
Dungeon (1/1)

Altars:
Cheibriados
Dithmenos
Elyvilon
Fedhas
Gozag
Hepliaklqana
Kikubaaqudgha
Makhleb
Nemelex Xobeh
Okawaru
Qazlal
Ru
Sif Muna
Trog
Uskayaw
Vehumet
Xom
Yredelemnul
Zin
The Shining One
Jiyva
Lugonu

Shops:
D [}[


Message History

There is an entrance to Tiroemi's Armour Boutique here.
q - the +3 warlock's mirror {reflect} Thank you for shopping at Tiroemi's Armour Boutique!
Wield which item (- for none, * to show all)? (? for menu, Esc to quit)
Okay, then.
Okay, then.
Unknown command.
There is an open door here.
Things that are here:
an uncursed short sword of draining; the kobold corpse of Sonja {!w}
There is an open door here.
You now have 249 gold pieces (gained 27).
You now have 276 gold pieces (gained 27).
You now have 303 gold pieces (gained 27).
You now have 330 gold pieces (gained 27).
You open the door.
Found a potion of heal wounds and a scroll labeled NUFEOTHR ZEDU.
Found Simiem's Armour Emporium.
There is an open door here.
e - 2 potions of heal wounds (gained 1)
r - a scroll labeled NUFEOTHR ZEDU
There is an entrance to Simiem's Armour Emporium here.
You start resting.
MP restored: 27
There is an open door here.
Okay, then.
As you read the scroll labeled HUL OVASHRIESE, it crumbles to dust.
You feel blessed for a moment.
It was a scroll of remove curse.
Okay, then.
You open the door.
There is an open door here.
You now have 345 gold pieces (gained 15).
s - a scroll labeled ZEOSTR HUUMI
t - a royal jelly
s - 2 scrolls labeled ZEOSTR HUUMI (gained 1)
Okay, then.
Wear which item (? for menu, Esc to quit)
You start putting on your armour.
You continue putting on the +3 warlock's mirror {reflect}. x4
You finish putting on the +3 warlock's mirror {reflect}.
Okay, then.
Unknown command.
Okay, then.
Unknown command.
Unknown command.
Take off which item? (? for menu, Esc to quit)
You start removing your armour.
You continue taking off the +3 warlock's mirror {reflect}. x4
You finish taking off the +3 warlock's mirror {reflect}.
Okay, then.
Unknown command.
Wear which item (? for menu, Esc to quit)
You start putting on your armour.
You continue putting on the +3 warlock's mirror {reflect}. x4
You finish putting on the +3 warlock's mirror {reflect}.
You open the door. What are your orders? t - Shout!
Orders for allies: a - Attack new target. r - Retreat! s - Stop attacking. g - Guard the area. f - Follow me.
Anything else - Cancel.
You shout for attention!
You hear a shout! x2
The centaur warrior hits you.
A centaur warrior comes into view.
You take 3 damage, and have 54/57 hp.
Aim: a centaur warrior The sticky flame hits the centaur warrior.
The centaur warrior is covered in liquid flames!
The centaur warrior burns!
The centaur warrior hits you!
You take 8 damage, and have 46/57 hp.
You now have 23/27 mp.
Aim: a centaur warrior (lightly wounded, covered in liquid flames)
The sticky flame hits the centaur warrior.
The centaur warrior is covered in liquid flames!
The centaur warrior burns!
The centaur warrior closely misses you. You block the centaur warrior's attack.
You now have 19/27 mp.
You hit the centaur warrior but do no damage.
The centaur warrior burns!
A centaur warrior comes into view.
Aim: a centaur warrior (hasn't noticed you)
The fireball explodes!
The fireball engulfs the centaur warrior.
The centaur warrior shouts!
The centaur warrior burns!
The centaur warrior wields a shortbow.
The centaur warrior shoots an arrow.
The arrow hits you! You block the centaur warrior's attack.
The centaur warrior completely misses you.
You take 9 damage, and have 37/57 hp.
You now have 14/27 mp.
Aim: a centaur warrior, wielding a shortbow (purple smoke, moderately wounded)
The fireball explodes!
The fireball engulfs the centaur warrior.
The centaur warrior burns!
The centaur warrior is engulfed in a cloud of scalding steam.
The centaur warrior shoots an arrow.
The arrow hits you!!
* * * LOW HITPOINT WARNING * * *
You block the centaur warrior's attack.
The centaur warrior is engulfed in a cloud of scalding steam.
The centaur warrior shoots an arrow.
The arrow hits you!!
You die...

.#).'..#.)'..#__#).+...#
.[..#..'..#..+..+).#...#
.#####'#####'#__####...+
.####..#...#.#### #####
.#__####..##.#§§
.#_____##'#..+≈≈
⌠#_.∩...'..._#§c
##_..__##_.#'##§###
#_____###'#.#§c@.###
##########.####'###.##
........'...'.....'.∩#
#++++####.).##########
###.### #.#'#.# #.....#
#.....# #######


You could see 2 centaur warriors.

Vanquished Creatures
  Sonja (D)
  A deep troll (D)
  2 kobold demonologists (D)
  A slime creature (D)
  Sigmund (D)
  A yak (D)
  A floating eye (D)
  An ogre (D)
  A jelly (D)
  Ijyb (D)
  A ballistomycete (D)
  A ballistomycete spore (D)
13 creatures vanquished.

Vanquished Creatures (others)
  A gargoyle (D)
  A ballistomycete spore (D)
2 creatures vanquished.

Grand Total: 15 creatures vanquished

Notes
Turn   | Place    | Note
-------+----------+-------------------------------------------
     0 | D        | esc the Deep Elf Fire Elementalist began the quest for the Orb.
     0 | D        | Reached XP level 1. HP: 10/10 MP: 6/6
     1 | D        | Noticed Ijyb
    15 | D        | Killed Ijyb
    15 | D        | Reached skill level 5 in Spellcasting
    15 | D        | Reached skill level 3 in Conjurations
    15 | D        | Reached skill level 4 in Fire Magic
    15 | D        | Reached XP level 2. HP: 13/15 MP: 1/10
    28 | D        | Learned a level 2 spell: Throw Flame
   110 | D        | Noticed an ogre
   119 | D        | Killed an ogre
   119 | D        | Reached skill level 7 in Spellcasting
   119 | D        | Reached skill level 5 in Conjurations
   119 | D        | Reached skill level 6 in Fire Magic
   119 | D        | Reached XP level 3. HP: 5/19 MP: 8/13
   119 | D        | Reached XP level 4. HP: 7/24 MP: 9/15
   342 | D        | Learned a level 4 spell: Sticky Flame
   346 | D        | Learned a level 3 spell: Conjure Flame
   348 | D        | Noticed Sigmund
   356 | D        | Killed Sigmund
   356 | D        | Reached skill level 2 in Fighting
   356 | D        | Reached skill level 5 in Dodging
   356 | D        | Reached skill level 8 in Spellcasting
   356 | D        | Reached skill level 7 in Conjurations
   356 | D        | Reached skill level 7 in Fire Magic
   356 | D        | Reached XP level 5. HP: 31/31 MP: 7/18
   432 | D        | Found a deep blue altar of Sif Muna.
   434 | D        | Found a radiant altar of Vehumet.
   440 | D        | Reached skill level 3 in Fighting
   440 | D        | Reached skill level 9 in Spellcasting
   440 | D        | Reached XP level 6. HP: 37/37 MP: 15/20
   469 | D        | Found Wievvuje's Gadget Emporium.
   469 | D        | Found an ancient bone altar of Kikubaaqudgha.
   469 | D        | Found a hazy altar of Hepliaklqana.
   469 | D        | Found a stormy altar of Qazlal.
   469 | D        | Found a hide-covered altar of Uskayaw.
   469 | D        | Found a blossoming altar of Fedhas.
   469 | D        | Found a bloodstained altar of Trog.
   469 | D        | Found an iron altar of Okawaru.
   469 | D        | Found a basalt altar of Yredelemnul.
   469 | D        | Found a glowing golden altar of the Shining One.
   469 | D        | Found a snail-covered altar of Cheibriados.
   469 | D        | Found a sacrificial altar of Ru.
   469 | D        | Found a glowing silver altar of Zin.
   469 | D        | Found a shadowy altar of Dithmenos.
   469 | D        | Found a white marble altar of Elyvilon.
   469 | D        | Noticed a yak
   470 | D        | Found an opulent altar of Gozag.
   478 | D        | Killed a yak
   478 | D        | Reached skill level 6 in Dodging
   478 | D        | Reached skill level 8 in Fire Magic
   487 | D        | Found a sparkling altar of Nemelex Xobeh.
   498 | D        | Became a worshipper of Vehumet
   505 | D        | Learned a level 5 spell: Fireball
   585 | D        | Found a burning altar of Makhleb.
   585 | D        | Found a viscous altar of Jiyva.
   585 | D        | Found a shimmering altar of Xom.
   585 | D        | Found a corrupted altar of Lugonu.
   585 | D        | Noticed a slime creature
   598 | D        | Killed a slime creature
   598 | D        | Reached skill level 4 in Fighting
   598 | D        | Reached skill level 7 in Dodging
   598 | D        | Reached skill level 10 in Spellcasting
   598 | D        | Reached skill level 8 in Conjurations
   598 | D        | Reached skill level 9 in Fire Magic
   598 | D        | Reached XP level 7. HP: 25/44 MP: 10/22
   749 | D        | Noticed a kobold demonologist
   751 | D        | Noticed a kobold demonologist
   751 | D        | Paralysed by a floating eye for 3 turns
   754 | D        | Noticed a red devil
   760 | D        | Noticed a neqoxec
   761 | D        | Killed a kobold demonologist
   761 | D        | Reached * piety under Vehumet
   761 | D        | Offered knowledge of Shock by Vehumet.
   761 | D        | Reached skill level 5 in Fighting
   761 | D        | Reached skill level 8 in Dodging
   761 | D        | Reached skill level 11 in Spellcasting
   761 | D        | Reached skill level 9 in Conjurations
   761 | D        | Killed a kobold demonologist
   761 | D        | Reached skill level 10 in Fire Magic
   761 | D        | Reached XP level 8. HP: 14/51 MP: 7/25
   990 | D        | Noticed Sonja
   992 | D        | Killed Sonja
   992 | D        | Reached skill level 6 in Fighting
   992 | D        | Reached skill level 9 in Dodging
   992 | D        | Reached skill level 12 in Spellcasting
   992 | D        | Reached skill level 10 in Conjurations
  1095 | D        | Noticed a deep troll
  1099 | D        | Killed a deep troll
  1099 | D        | Reached ** piety under Vehumet
  1099 | D        | Offered knowledge of Throw Frost by Vehumet.
  1099 | D        | Reached skill level 7 in Fighting
  1099 | D        | Reached skill level 10 in Dodging
  1099 | D        | Reached skill level 11 in Fire Magic
  1099 | D        | Reached XP level 9. HP: 57/57 MP: 9/27
  1105 | D        | Found Tiroemi's Armour Boutique.
  1113 | D        | Bought the +3 warlock's mirror {reflect} for 480 gold pieces
  1123 | D        | Killed a gargoyle
  1135 | D        | Found Simiem's Armour Emporium.
  1232 | D        | Noticed a centaur warrior
  1235 | D        | Noticed a centaur warrior
  1236 | D        | Shot with an arrow by a centaur warrior

Vault maps used:
D:        dungeon_sprint_1

Skill      XL: |  1  2  3  4  5  6  7  8 |
---------------+-------------------------+-----
Spellcasting   | 5 7 8 9 10 11 12 | 12.9
Conjurations   | 3 5 7 8 9 10 | 10.9
Fire Magic     | 4 6 7 9 10 11 | 11.3
Fighting       | 2 3 4 5 7 |  7.1
Dodging        | 5 7 8 10 | 10.4
Stealth        | |  2.4

Action                   |  1- 3 |  4- 6 |  7- 9 || total
-------------------------+-------+-------+-------++-------
Melee: Unarmed           |     7 |       |       ||     7
       Dagger            |       |     2 |     9 ||    11
 Cast: Flame Tongue      |     6 |       |       ||     6
       Throw Flame       |     5 |     1 |       ||     6
       Sticky Flame      |       |     6 |     6 ||    12
       Fireball          |       |       |     9 ||     9
       Conjure Flame     |       |       |     1 ||     1
  Use: Potion            |     2 |       |       ||     2
       Scroll            |     1 |       |     1 ||     2
 Stab: Sleeping          |       |     2 |       ||     2
  Eat: Bread ration      |       |       |     1 ||     1
Dodge: Dodged            |     6 |     5 |     5 ||    16
Block: Buckler           |       |       |     3 ||     3

Vault maps used:
D:        dungeon_sprint_1

Table legend:
 A = Turns spent in this place as a percentage of turns spent in the entire game.
 B = Non-inter-level travel turns spent in this place as a percentage of non-inter-level travel turns spent in the entire game.
 C = Inter-level travel turns spent in this place as a percentage of turns spent in this place.
 D = Turns resting spent in this place as a percentage of non-inter-level travel turns spent in this place.
 E = Turns spent auto-exploring this place as a percentage of non-inter-level travel turns spent in this place.
 F = Non-inter-level travel turns spent in this place divided by the number of levels of this place that you've seen.
                   A       B       C       D       E      F
               +-------+-------+-------+-------+-------+----------------------
         Total | 100.0 | 100.0 |   0.0 |   5.7 |   0.0 | 420.0
       Dungeon | 100.0 | 100.0 |   0.0 |   5.7 |   0.0 | 420.0
               +-------+-------+-------+-------+-------+----------------------

Table legend:
 A = Kills in this place as a percentage of kills in entire the game.
 B = Kills by you in this place as a percentage of kills by you in the entire game.
 C = Kills by friends in this place as a percentage of kills by friends in the entire game.
 D = Other kills in this place as a percentage of other kills in the entire game.
 E = Experience gained in this place as a percentage of experience gained in the entire game.
 F = Experience gained in this place divided by the number of levels of this place that you have seen.
                   A       B       C       D       E      F
               +-------+-------+-------+-------+-------+----------------------
         Total | 100.0 | 100.0 |  -nan |  -nan | 100.0 | 3297.0
       Dungeon | 100.0 | 100.0 |  -nan |  -nan | 100.0 | 3297.0
               +-------+-------+-------+-------+-------+----------------------
